Selects Australian Defense Battlegroup
Selects Australian Light Infantry Section
Australian Light Infantry Section
Australian Light Infantry Section
Australian Light Infantry Section
Construct Section Command Post
Construct Platoon Command Post
6-pounder Anti-tank Gun Team
Selects Defensive Tactics
Selects Vehicle Over Repair
Selects CMP 15cwt Supply Run
Construct Company Command Post
Unlock M3 Grant Medium Tanks
Selects Reinforced Resource Caches
Selects Charged Creeping Barrage